 Dungeon Crawl Stone Soup version 0.30.1-11-g7821555f0a (webtiles) character file.

Game seed: 12822737778009288042

469 KittyFluff the Cudgeller (level 7, 0/66 HPs)
             Began as a Gargoyle Berserker on Oct 30, 2023.
             Was a Priest of Trog.
             Killed from afar by an orc wizard (2 damage)
             ... with a puff of flame
             ... on level 5 of the Dungeon.
             The game lasted 00:13:23 (3549 turns).

KittyFluff the Cudgeller (Gargoyle Berserker)       Turns: 3549, Time: 00:13:26

Health: 0/66       AC:  9    Str: 23    XL:     7   Next: 9%
Magic:  7/7        EV: 17    Int:  7    God:    Trog [***...]
Gold:   254        SH:  0    Dex:  9    Spells: 6/6 levels left

rFire   . . .        a - +0 mace
rCold   . . .        (no shield)
rNeg    + . .        f - +0 leather armour
rPois   ∞            (no helmet)
rElec   +            p - +0 cloak
rCorr   .            (no gloves)
SInv    .            (no boots)
Will    .....        (no amulet) Stlth
                     i - +5 ring of evasion
HPRegen 0.31/turn    (no ring)
MPRegen 0.10/turn

%: no passive effects
@: confused, berserking, very quick
A: sickness immunity, AC +4, negative energy resistance 1, electricity
resistance, torment resistance 1, petrification resistance
a: Renounce Religion, Berserk, Trog's Hand


You were on level 5 of the Dungeon.
You worshipped Trog.
Trog was most pleased with you.
You visited 1 branch of the dungeon, and saw 5 of its levels.

You collected 254 gold pieces.

Inventory:

Hand Weapons
 a - a +0 mace (weapon)
 h - a +0 sling
 n - a +0 quarterstaff
Armour
 f - a +0 leather armour (worn)
 p - a +0 cloak (worn)
Jewellery
 i - a +5 ring of evasion (left hand)
Scrolls
 c - a scroll of fog {unknown}
 g - a scroll of brand weapon {unknown}
 j - a scroll of vulnerability {unknown}
 k - a scroll of enchant armour {unknown}
 l - 3 scrolls of immolation
 o - a scroll of amnesia {unknown}
 q - a scroll of poison {unknown}
 t - a scroll of identify
Potions
 b - a potion of ambrosia
 d - 2 potions of resistance
 e - 2 potions of might
 m - a potion of curing
 r - a potion of haste {unknown}
 s - a potion of heal wounds {unknown}


   Skills:
 + Level 4.6 Fighting
 * Level 5.1 Maces & Flails
 * Level 4.9 Armour
 + Level 2.7 Dodging


You had 6 spell levels left.
You didn't know any spells.
Your spell library was empty.

Dungeon Overview and Level Annotations

Branches:
Dungeon (5/15)
 Temple: D:4-7

Altars:
Trog


Innate Abilities, Weirdness & Mutations

You are immune to sickness and miasma.
Your stone body is resilient. (AC +4)
You are immune to poison.
You resist negative energy. (rN+)
You are resistant to electric shocks. (rElec)
You are resistant to unholy torment.
You are immune to petrification.


Message History

The orc priest invokes the aid of Beogh against you.
Beogh smites you!
You closely miss the orc wizard.
The orc wizard points at you and mumbles some strange words.
The puff of flame hits you but does no damage.
The orc wizard shouts!
You hit the orc wizard.
The orc wizard is moderately wounded.
The orc priest begins to cast a cantrip, but forgets the words!
The orc wizard barely misses you.
You thump the orc priest!
The orc priest is almost dead.
The orc priest calls upon Beogh to heal the orc wizard.
The orc wizard's wounds heal themselves!
The orc wizard closely misses you.
The orc priest hits you but does no damage.
A red film seems to cover your vision as you go berserk!
You feel yourself moving faster!
You feel mighty! The orc priest hits you with a +0 club.
The orc wizard points at you and mumbles some strange words.
The magic dart hits you.
* * * LOW HITPOINT WARNING * * *
The orc priest barely misses you.
You barely miss the orc priest.
The orc priest is almost dead.
You thump the orc priest!
You kill the orc priest!
Trog accepts your kill. The orc priest misses you.
The orc wizard gestures at you while chanting.
The puff of flame hits you!
* * * LOW HITPOINT WARNING * * *
You thump the orc wizard!
The orc wizard is almost dead.
The orc priest barely misses you. The orc wizard casts a spell at you.
You are confused.
The orc wizard points at you and mumbles some strange words.
The puff of flame hits you.
You die...

#..# #≈≈~#≈≈≈# ≈≈# .
#.#####.###.###.## ~~
######.#..#...#...#...#...
.......#..................
######....................
# ##....^......o.......
### ##..........o.......
.)# #..#...#.o)#...#..o
#)# #####.###@###.## ~ #.#
#~≈~#~≈≈# ~≈# #.#
..≈≈≈.≈≈~.≈~≈~~
#.#######~~~~~~~~~~~.~#.#
#.##....#~~~~~~~~~~.#..##
#.##.#####..:.....P## ##
#.##.#####.#...#...#
.<......#.##..#.....
#.......#


You could see an orc priest and 2 orc wizards.

Vanquished Creatures
  Sigmund (D:5)
  Pargi (D:3)
  A hound (D:4)
  An orc priest (D:5)
  7 adders
  An ufetubus (D:4)
  3 worms
  A dart slug (D:2)
  3 orcs
  11 ball pythons
  6 endoplasms
  5 giant cockroaches
  10 goblins
  8 hobgoblins
  6 jackals (D:2)
  3 quokkas
  5 bats
  2 frilled lizards (D:1)
  9 kobolds
  9 rats
93 creatures vanquished.

Notes
Turn   | Place    | Note
-------+----------+-------------------------------------------
     0 | D:1      | KittyFluff the Gargoyle Berserker began the quest for the
                  | Orb.
     0 | D:1      | Reached XP level 1. HP: 14/14 MP: 1/1
   139 | D:1      | Reached XP level 2. HP: 15/19 MP: 2/2
   595 | D:1      | Reached XP level 3. HP: 23/23 MP: 3/3
   935 | D:2      | Reached ** piety under Trog
  1303 | D:2      | Reached XP level 4. HP: 29/29 MP: 4/4
  1787 | D:3      | Reached skill level 4 in Maces & Flails
  2082 | D:3      | Reached XP level 5. HP: 30/33 MP: 5/5
  2131 | D:3      | Found a faded altar of an unknown god.
  2131 | D:3      | Noticed Pargi
  2150 | D:3      | Killed Pargi
  2552 | D:4      | Reached XP level 6. HP: 26/38 MP: 6/6
  2661 | D:4      | Found a bloodstained altar of Trog.
  3024 | D:4      | Reached *** piety under Trog
  3240 | D:5      | Entered Level 5 of the Dungeon
  3301 | D:5      | Noticed Sigmund
  3344 | D:5      | Killed Sigmund
  3345 | D:5      | Reached skill level 5 in Maces & Flails
  3345 | D:5      | Reached XP level 7. HP: 9/44 MP: 7/7
  3548 | D:5      | HP: 2/66 [orc wizard/puff of flame (15)]
  3549 | D:5      | Killed from afar by an orc wizard

Illustrated notes

Levels and vault maps discovered:
D:1:      tarquinn_simple_flora_water_d, layout_basic, amcnicky_mini_pool_small
D:2:      layout_loops_cross
D:3:      layout_basic, hellmonk_ecumenical_altar_slurped_away, uniq_pargi
D:4:      cheibrodos_greedy_goblins, layout_loops_ring,
          mainiacjoe_overflow_small_starburst
D:5:      wad_lake_hut, layout_loops_ring, brannock_xom_greatest_gift,
          minmay_increasing_density, uniq_eustachio, uniq_sigmund

Skill      XL: |  1  2  3  4  5  6 |
---------------+-------------------+-----
Armour         | 3 4 |  4.9
Dodging        | 2 |  2.7
Maces & Flails | 4 5 |  5.1
Fighting       | 4 |  4.6

Action                     |  1- 3 |  4- 6 |  7- 9 || total
---------------------------+-------+-------+-------++-------
  Melee: Mace              |   137 |   208 |    11 ||   356
         Punch             |       |     2 |       ||     2
 Invoke: Berserk           |       |     2 |     1 ||     3
    Use: Scroll            |       |     6 |       ||     6
 Armour: Animal skin       |    29 |       |       ||    29
         Leather armour    |     5 |    76 |     4 ||    85
         Skin              |     2 |       |       ||     2
  Dodge: Dodged            |    88 |   202 |     9 ||   299
